[Event "47th GRE-chT 2019"]
[Site "Patra"]
[Date "2019.07.02"]
[Round "1.2"]
[White "Markidis, Konstantinos"]
[Black "Halkias, Stelios"]
[Result "1/2-1/2"]
[ECO "B30"]
[WhiteElo "2247"]
[BlackElo "2553"]
[Annotator "ChessBase"]
[PlyCount "63"]
[EventDate "2019.07.02"]
[EventCountry "GRE"]
[SourceTitle "playchess.com"]
[Source "ChessBase"]
[SourceQuality "1"]
[TimeControl "5400+30"]

1. e4 c5 2. Nf3 Nc6 3. Bb5 e6 4. O-O Nge7 5. d4 cxd4 6. Nxd4 Ng6 7. Be2 Be7 8. Be3 O-O 9. c4 Nxd4 10. Qxd4 b6 11. Nc3 Bb7 12. Rad1 Bc6 13. f4 Qb8 14. g3 f6 15. Qd3 a6 16. a3 b5 17. cxb5 axb5 18. Nxb5 Qb7 19. Rd2 Rfb8 20. Nc3 Bd8 21. Ra1 Ba5 22. b4 Bxb4 23. Rb2 Qc8 24. Rb3 Ba5 25. Rab1 Rxb3 26. Rxb3 Bxc3 27. Rxc3 Ra4 28. Rc4 Qa8 29. Rxa4 Qxa4 30. Bd4 Bb5 31. Bd1 Qa6 32. Qc3 1/2-1/2

[Event "47th GRE-chT 2019"]
[Site "Patra"]
[Date "2019.07.02"]
[Round "1.2"]
[White "Nikolaidis, Konstantinos"]
[Black "Martinovic, Sasa"]
[Result "1/2-1/2"]
[ECO "E73"]
[WhiteElo "2147"]
[BlackElo "2560"]
[Annotator "ChessBase"]
[PlyCount "65"]
[EventDate "2019.07.02"]
[EventCountry "GRE"]
[SourceTitle "playchess.com"]
[Source "ChessBase"]
[SourceQuality "1"]
[TimeControl "5400+30"]

1. d4 Nf6 2. c4 g6 3. Nc3 Bg7 4. e4 d6 5. Be2 O-O 6. Be3 e5 7. d5 Na6 8. g4 Nc5 9. f3 h5 10. g5 Nh7 11. h4 f6 12. gxf6 Bxf6 13. Bf2 Be7 14. Kd2 Rf4 15. Qe1 a5 16. Kc2 Nf8 17. Rd1 a4 18. Rd2 Kh7 19. Bd1 Nfd7 20. Nh3 Rf7 21. Be3 Nb6 22. Ng5+ Bxg5 23. Bxg5 Qf8 24. Qf1 c6 25. Rg2 cxd5 26. cxd5 Bd7 27. Kb1 Rc8 28. Bd2 Be8 29. Rhg1 Rf6 30. Bg5 Rf7 31. Bd2 Rf6 32. Bg5 Rf7 33. Bd2 1/2-1/2

[Event "47th GRE-chT 2019"]
[Site "Patra"]
[Date "2019.07.02"]
[Round "1.3"]
[White "Spyropoulos, Nikolaos"]
[Black "Kordis, Konstantinos"]
[Result "1-0"]
[ECO "B84"]
[WhiteElo "2404"]
[BlackElo "2128"]
[Annotator "ChessBase"]
[PlyCount "43"]
[EventDate "2019.07.02"]
[EventCountry "GRE"]
[SourceTitle "playchess.com"]
[Source "ChessBase"]
[SourceQuality "1"]
[TimeControl "5400+30"]

1. e4 c5 2. Nf3 d6 3. d4 cxd4 4. Nxd4 Nf6 5. Nc3 a6 6. Be2 e6 7. Be3 Nc6 8. g4 h6 9. Qd2 Qc7 10. f4 Nd7 11. O-O-O Nxd4 12. Bxd4 b5 13. a3 Nb6 14. g5 hxg5 15. fxg5 Nc4 16. Bxc4 Qxc4 17. h4 Rh5 18. Bxg7 Be7 19. Bf6 Bf8 20. Qg2 Qc7 21. Qf3 Rh7 22. h5 1-0

[Event "47th GRE-chT 2019"]
[Site "Patra"]
[Date "2019.07.02"]
[Round "1.3"]
[White "Goumas, Georgios"]
[Black "Michos, Thomas"]
[Result "1-0"]
[ECO "C45"]
[WhiteElo "2388"]
[BlackElo "2212"]
[Annotator "ChessBase"]
[PlyCount "47"]
[EventDate "2019.07.02"]
[EventCountry "GRE"]
[SourceTitle "playchess.com"]
[Source "ChessBase"]
[SourceQuality "1"]
[TimeControl "5400+30"]

1. e4 e5 2. Nf3 Nc6 3. d4 exd4 4. Nxd4 Nf6 5. Nxc6 bxc6 6. e5 Qe7 7. Qe2 Nd5 8. c4 Nb6 9. Nc3 a5 10. Bd2 Ba6 11. Qe4 Qe6 12. b3 Bb4 13. Bd3 d5 14. exd6 cxd6 15. O-O-O Qxe4 16. Bxe4 Rc8 17. Bf5 Rc7 18. Rhe1+ Re7 19. Ne4 Bxd2+ 20. Kxd2 d5 21. Nd6+ Kd8 22. c5 Nd7 23. Rxe7 Kxe7 24. Re1+ 1-0

[Event "47th GRE-chT 2019"]
[Site "Patra"]
[Date "2019.07.02"]
[Round "1.4"]
[White "Valsamidis, Ioannis"]
[Black "Michelakos, Panagiotis"]
[Result "0-1"]
[ECO "B31"]
[WhiteElo "2063"]
[BlackElo "2265"]
[Annotator "NA"]
[PlyCount "86"]
[EventDate "2019.07.02"]
[EventCountry "GRE"]
[SourceTitle "playchess.com"]
[Source "ChessBase"]
[SourceQuality "1"]
[TimeControl "5400+30"]

1. e4 c5 2. Nf3 Nc6 3. Bb5 g6 4. c3 Bg7 5. d4 cxd4 6. cxd4 Nf6 7. Nc3 a6 8. Bd3 d6 9. h3 O-O 10. O-O Nd7 11. Be3 b5 12. Rc1 Bb7 13. a4 b4 14. Nb1 e5 15. d5 Nd4 16. Nbd2 Nc5 17. Bb1 a5 18. Nc4 Ba6 19. Nfd2 Rc8 20. Bxd4 exd4 21. f4 d3 22. Rf3 Nxe4 23. Bxd3 Bd4+ 24. Kh2 Nf2 25. Qf1 Nxd3 26. Rxd3 Bg7 27. b3 Re8 28. Re1 Qh4 29. g3 Rxe1 30. Qxe1 Qf6 31. Re3 Bxc4 32. Nxc4 h5 33. h4 Rc5 34. Re8+ Kh7 35. Qe4 Qd4 36. Nxd6 Qb2+ 37. Kh3 Rc2 38. Qh1 Qf6 39. Qe4 Qxd6 40. Qxc2 Qd7+ 41. Re6 fxe6 42. dxe6 Qxe6+ 43. Kh2 Bc3 0-1

[Event "47th GRE-chT 2019"]
[Site "Patra"]
[Date "2019.07.02"]
[Round "1.4"]
[White "Dimopoulos, Symeon"]
[Black "Balokas, Dimitrios"]
[Result "1/2-1/2"]
[ECO "C48"]
[WhiteElo "2008"]
[BlackElo "2206"]
[Annotator "NA"]
[PlyCount "35"]
[EventDate "2019.07.02"]
[EventCountry "GRE"]
[SourceTitle "playchess.com"]
[Source "ChessBase"]
[SourceQuality "1"]
[TimeControl "5400+30"]

1. e4 e5 2. Nf3 Nc6 3. Nc3 Nf6 4. Bb5 Bc5 5. Nxe5 Nxe5 6. d4 a6 7. Be2 Bd6 8. dxe5 Bxe5 9. Bg5 h6 10. Bh4 c6 11. O-O Qc7 12. f4 Bxf4 13. Rxf4 Qxf4 14. Bg3 Qe3+ 15. Bf2 Qf4 16. Bg3 Qe3+ 17. Bf2 Qf4 18. Bg3 1/2-1/2

[Event "47th GRE-chT 2019"]
[Site "Patra"]
[Date "2019.07.02"]
[Round "1.5"]
[White "Botsari, Anna-Maria"]
[Black "Galunova, Tsveta"]
[Result "0-1"]
[ECO "D26"]
[WhiteElo "2233"]
[BlackElo "2156"]
[Annotator "NA"]
[PlyCount "64"]
[EventDate "2019.07.02"]
[EventCountry "GRE"]
[SourceTitle "playchess.com"]
[Source "ChessBase"]
[SourceQuality "1"]
[TimeControl "5400+30"]

1. d4 d5 2. c4 dxc4 3. Nf3 Nf6 4. e3 e6 5. Bxc4 c5 6. O-O Nc6 7. Qe2 cxd4 8. Rd1 Be7 9. exd4 Na5 10. Bd3 O-O 11. Nc3 b6 12. Bg5 Bb7 13. Rac1 Rc8 14. Bb1 Re8 15. Ne5 g6 16. Bh6 Bf8 17. Bg5 Be7 18. Re1 Nd5 19. Bd2 Nxc3 20. bxc3 Bg5 21. Be3 Qd5 22. Qg4 Bxe3 23. Rxe3 f5 24. Qg5 Qxd4 25. Qf6 Rc7 26. Rd3 Qf4 27. Rcd1 Bd5 28. g3 Qh6 29. h4 Qg7 30. Qxg7+ Kxg7 31. f4 Nc4 32. Nxc4 Rxc4 0-1

[Event "47th GRE-chT 2019"]
[Site "Patra"]
[Date "2019.07.02"]
[Round "1.6"]
[White "Aivazian, Elpida Sofia"]
[Black "Bastianou, Chrysoula"]
[Result "1/2-1/2"]
[ECO "C07"]
[WhiteElo "1630"]
[BlackElo "1670"]
[Annotator "NA"]
[PlyCount "106"]
[EventDate "2019.07.02"]
[EventCountry "GRE"]
[SourceTitle "playchess.com"]
[Source "ChessBase"]
[SourceQuality "1"]
[TimeControl "5400+30"]

1. e4 e6 2. d4 d5 3. Nd2 c5 4. Ngf3 cxd4 5. exd5 Qxd5 6. Bc4 Qd8 7. O-O a6 8. a4 Nf6 9. Nb3 Bd6 10. Nbxd4 Qc7 11. Qe2 O-O 12. Bg5 e5 13. Bxf6 gxf6 14. Nb3 Kh8 15. Nbd2 Nc6 16. Ne4 f5 17. Nxd6 Qxd6 18. Rfd1 Qf6 19. c3 Be6 20. Bxe6 Qxe6 21. b4 Rac8 22. b5 Na5 23. Qxe5+ Qxe5 24. Nxe5 Rxc3 25. bxa6 bxa6 26. Rd7 Kg8 27. h3 Nb3 28. Rad1 Nc5 29. R7d5 Nxa4 30. Ra5 Nc5 31. Nd7 Nxd7 32. Rxd7 Rc6 33. Ra7 Kg7 34. R7xa6 Rxa6 35. Rxa6 Re8 36. Kh2 f6 37. Kg3 Kg6 38. h4 h5 39. Kf3 Rd8 40. Re6 Rc8 41. g3 Rb8 42. Ke2 Rb2+ 43. Ke3 Rb3+ 44. Kd4 Rb2 45. Ke3 Rb3+ 46. Ke2 Rb2+ 47. Kf3 Rb3+ 48. Re3 Rb4 49. Kg2 Rc4 50. Kh3 Rb4 51. f3 Rc4 52. Kg2 Rc2+ 53. Kg1 Ra2 1/2-1/2

[Event "47th GRE-chT 2019"]
[Site "Patra"]
[Date "2019.07.02"]
[Round "1.6"]
[White "Tounta, Nefeli"]
[Black "Stratigi, Evangelia"]
[Result "1/2-1/2"]
[ECO "E24"]
[WhiteElo "1331"]
[BlackElo "1624"]
[Annotator "NA"]
[PlyCount "85"]
[EventDate "2019.07.02"]
[EventCountry "GRE"]
[SourceTitle "playchess.com"]
[Source "ChessBase"]
[SourceQuality "1"]
[TimeControl "5400+30"]

1. d4 Nf6 2. c4 e6 3. Nc3 Bb4 4. a3 Bxc3+ 5. bxc3 b6 6. Bg5 Bb7 7. f3 d6 8. e4 Nbd7 9. Bd3 O-O 10. Ne2 c5 11. O-O Qc7 12. d5 h6 13. Bh4 g5 14. Bg3 e5 15. h4 Nh5 16. hxg5 hxg5 17. Kf2 Kg7 18. Rh1 Rh8 19. Bh2 Qd8 20. Ng3 Nxg3 21. Bxg3 Rxh1 22. Qxh1 Qe7 23. Qh3 Rh8 24. Qg4 Bc8 25. f4 exf4 26. Bxf4 f6 27. Qg3 Kf7 28. Bxd6 Qe8 29. Re1 Ne5 30. Bxe5 Qxe5 31. Qxe5 fxe5 32. Rf1 Rh4 33. Ke3+ Rf4 34. Rxf4+ gxf4+ 35. Kf3 Ke7 36. g3 fxg3 37. Kxg3 Kf6 38. Kh4 Ke7 39. Be2 Kd6 40. Bg4 Ba6 41. Be2 Bc8 42. Kg5 Bh3 43. Bd3 1/2-1/2

[Event "47th GRE-chT 2019"]
[Site "Patra"]
[Date "2019.07.02"]
[Round "1.7"]
[White "Arapkoule, Eirini"]
[Black "Mplitsa, Artemis"]
[Result "1/2-1/2"]
[ECO "D30"]
[WhiteElo "1376"]
[BlackElo "1291"]
[Annotator "NA"]
[PlyCount "86"]
[EventDate "2019.07.02"]
[EventCountry "GRE"]
[SourceTitle "playchess.com"]
[Source "ChessBase"]
[SourceQuality "1"]
[TimeControl "5400+30"]

1. d4 d5 2. c4 c6 3. Nf3 Nf6 4. e3 e6 5. b3 Nbd7 6. Bd3 Bd6 7. O-O O-O 8. Nbd2 Re8 9. Bb2 e5 10. dxe5 Nxe5 11. Nxe5 Bxe5 12. Bxe5 Rxe5 13. Nf3 Re8 14. Qc2 h6 15. h3 Qc7 16. Rfd1 dxc4 17. Bxc4 Be6 18. Bxe6 Rxe6 19. Nd4 Rd6 20. Nb5 Rxd1+ 21. Rxd1 Qa5 22. Nd6 Qb4 23. Rd4 Qb6 24. Qc4 Qc7 25. Qd3 Rd8 26. Ne4 Re8 27. Nxf6+ gxf6 28. Qf5 Qe5 29. Qxe5 Rxe5 30. Rd7 Rb5 31. Kf1 a5 32. Rc7 a4 33. bxa4 Rb2 34. a3 Rb3 35. Ke2 Rxa3 36. Rxb7 Rxa4 37. Rc7 Rc4 38. Kd3 Rc1 39. f4 Kg7 40. Ke4 Rc2 41. g3 Rg2 42. g4 Rg3 43. Rxc6 Rxh3 1/2-1/2

[Event "47th GRE-chT 2019"]
[Site "Patra"]
[Date "2019.07.02"]
[Round "1.7"]
[White "Kaliontzaki, Argyro Evanthia"]
[Black "Kalogeridou, Ioanna"]
[Result "1/2-1/2"]
[ECO "A20"]
[WhiteElo "1324"]
[BlackElo "1131"]
[Annotator "NA"]
[PlyCount "86"]
[EventDate "2019.07.02"]
[EventCountry "GRE"]
[SourceTitle "playchess.com"]
[Source "ChessBase"]
[SourceQuality "1"]
[TimeControl "5400+30"]

1. c4 e5 2. g3 Nf6 3. Bg2 Bc5 4. Nc3 O-O 5. e3 Nc6 6. Nge2 d6 7. O-O Bg4 8. h3 Bxe2 9. Qxe2 Qd7 10. b3 Rab8 11. Bb2 Ne7 12. Na4 Bb6 13. Nxb6 axb6 14. d4 exd4 15. Bxd4 Qe6 16. Qb2 Ne8 17. Rad1 Nf5 18. e4 Nxd4 19. Qxd4 Ra8 20. Qb2 Nf6 21. Rfe1 Nd7 22. Re2 Nc5 23. Qc2 Ra7 24. Rde1 Re8 25. f4 Nd7 26. Qc3 Rea8 27. a4 Re8 28. Kh2 h6 29. Bf3 Qf6 30. Qxf6 Nxf6 31. e5 dxe5 32. Rxe5 Rd8 33. Re7 c6 34. Rd1 Rxd1 35. Bxd1 Kf8 36. Re2 Ra8 37. Bc2 Rd8 38. g4 g6 39. f5 g5 40. Kg3 Rd7 41. Kf3 Ne8 42. Be4 Nf6 43. Re3 Kg7 1/2-1/2

[Event "47th GRE-chT 2019"]
[Site "Patra"]
[Date "2019.07.02"]
[Round "1.8"]
[White "Loukopoulos, Panagiotis-Athanasi"]
[Black "Karousos-Theodorakis, Nikolaos"]
[Result "1/2-1/2"]
[ECO "E20"]
[WhiteElo "1973"]
[BlackElo "2304"]
[Annotator "NA"]
[PlyCount "63"]
[EventDate "2019.07.02"]
[EventCountry "GRE"]
[SourceTitle "playchess.com"]
[Source "ChessBase"]
[SourceQuality "1"]
[TimeControl "5400+30"]

1. d4 Nf6 2. c4 e6 3. Nc3 Bb4 4. g3 d6 5. Bg2 Nc6 6. Nf3 O-O 7. O-O e5 8. Nd5 Nxd5 9. cxd5 Nxd4 10. Nxd4 exd4 11. Qxd4 Bc5 12. Qc3 a5 13. Be3 Bxe3 14. Qxe3 Re8 15. Qd2 Bd7 16. Rfc1 Bb5 17. e3 Qd7 18. Rc3 Rac8 19. Rac1 c5 20. dxc6 bxc6 21. Rd1 Red8 22. b3 a4 23. b4 Qe7 24. Bh3 Rc7 25. Bf1 Bxf1 26. Kxf1 Qe4 27. Rd3 Qh1+ 28. Ke2 Qxh2 29. Rxd6 Qh5+ 30. Ke1 Qh1+ 31. Ke2 Qh5+ 32. Ke1 1/2-1/2

[Event "47th GRE-chT 2019"]
[Site "Patra"]
[Date "2019.07.02"]
[Round "1.8"]
[White "Vallianos, Gerasimos"]
[Black "Kouskoutis, Georgios-Alexandros"]
[Result "1-0"]
[ECO "B40"]
[WhiteElo "1871"]
[BlackElo "2256"]
[Annotator "RC"]
[PlyCount "127"]
[EventDate "2019.07.02"]
[EventCountry "GRE"]
[SourceTitle "playchess.com"]
[Source "ChessBase"]
[SourceQuality "1"]
[TimeControl "5400+30"]

1. e4 c5 2. Nf3 e6 3. c4 Nc6 4. Nc3 e5 5. d3 g6 6. Be2 Bg7 7. O-O Nge7 8. Nd5 O-O 9. Bg5 f6 10. Bh4 d6 11. a3 Nxd5 12. cxd5 Ne7 13. b4 b6 14. Nd2 g5 15. Bg3 f5 16. h3 Ng6 17. bxc5 bxc5 18. Rb1 Nf4 19. Nc4 Nxe2+ 20. Qxe2 f4 21. Bh2 f3 22. Qd1 fxg2 23. Kxg2 Rf6 24. Ne3 h5 25. h4 g4 26. Bg3 Rf3 27. Qa4 Bd7 28. Qa6 Bf8 29. Nc4 Qf6 30. Nd2 Bh6 31. Nxf3 gxf3+ 32. Kh1 Bh3 33. Rg1 Kh8 34. Rb7 Bg2+ 35. Rxg2 fxg2+ 36. Kxg2 Rf8 37. Qxa7 Qg6 38. Rb8 Rxb8 39. Qxb8+ Kh7 40. a4 Bf4 41. Qc7+ Kh6 42. Qd7 c4 43. Qe6 c3 44. Qc8 Qg4 45. Qxc3 Bxg3 46. fxg3 Qe2+ 47. Kg1 Qe3+ 48. Kf1 Qf3+ 49. Ke1 Qxg3+ 50. Kd1 Qxh4 51. a5 Qd8 52. a6 h4 53. a7 h3 54. d4 h2 55. Qh3+ Kg6 56. Qxh2 Qa5 57. Qg3+ Kf7 58. Qf3+ Ke7 59. dxe5 Qa4+ 60. Ke2 Qa6+ 61. Qd3 Qxa7 62. exd6+ Kd7 63. Qh3+ Kxd6 64. Qg3+ {[%emt 0:00:40] Kxd5} 1-0

[Event "47th GRE-chT 2019"]
[Site "Patra"]
[Date "2019.07.02"]
[Round "1.9"]
[White "Damianou, Ioannis"]
[Black "Tsotras, Ioannis"]
[Result "1-0"]
[ECO "A25"]
[WhiteElo "2154"]
[BlackElo "1707"]
[Annotator "NA"]
[PlyCount "59"]
[EventDate "2019.07.02"]
[EventCountry "GRE"]
[SourceTitle "playchess.com"]
[Source "ChessBase"]
[SourceQuality "1"]
[TimeControl "5400+30"]

1. c4 e5 2. g3 Nc6 3. Bg2 g6 4. Nc3 Bg7 5. d3 f5 6. e3 Nf6 7. Nge2 O-O 8. O-O d6 9. b3 g5 10. f4 h6 11. Bb2 a6 12. Nd5 Nxd5 13. Bxd5+ Kh7 14. Qd2 Qe8 15. Bg2 Qg6 16. d4 e4 17. d5 Bxb2 18. Qxb2 Nb4 19. fxg5 hxg5 20. g4 Bd7 21. gxf5 Bxf5 22. Ng3 Rae8 23. a3 Nd3 24. Qd4 Re5 25. Bxe4 Bxe4 26. Rxf8 Nc5 27. Raf1 Nxb3 28. R1f7+ Qxf7 29. Rxf7+ Kg6 30. Qc3 1-0

[Event "47th GRE-chT 2019"]
[Site "Patra"]
[Date "2019.07.02"]
[Round "1.9"]
[White "Stamatiou, Rodolfos"]
[Black "Nasos, Valerios"]
[Result "1-0"]
[ECO "C12"]
[WhiteElo "2025"]
[BlackElo "1703"]
[Annotator "NA"]
[PlyCount "61"]
[EventDate "2019.07.02"]
[EventCountry "GRE"]
[SourceTitle "playchess.com"]
[Source "ChessBase"]
[SourceQuality "1"]
[TimeControl "5400+30"]

1. e4 e6 2. d4 d5 3. Nc3 Nf6 4. Bg5 Bb4 5. e5 h6 6. Bd2 Bxc3 7. Bxc3 Ne4 8. Bb4 c5 9. Bxc5 Nxc5 10. dxc5 Qc7 11. Nf3 Nd7 12. Qd4 Nxc5 13. Be2 Bd7 14. O-O O-O 15. Rac1 b5 16. b3 Rfd8 17. Rfd1 a5 18. Qh4 Ne4 19. c4 b4 20. cxd5 Nc3 21. Bf1 exd5 22. a3 Qb7 23. Rd4 Bb5 24. Rg4 Kf8 25. axb4 Ne2+ 26. Bxe2 Bxe2 27. Rf4 Bxf3 28. gxf3 Re8 29. Re1 Re6 30. Qh3 axb4 31. Qxe6 1-0

[Event "47th GRE-chT 2019"]
[Site "Patra"]
[Date "2019.07.02"]
[Round "1.10"]
[White "Makridis, Dimitrios"]
[Black "Christodoulakis, Michail"]
[Result "1-0"]
[ECO "C54"]
[WhiteElo "1798"]
[BlackElo "1224"]
[Annotator "NA"]
[PlyCount "33"]
[EventDate "2019.07.02"]
[EventCountry "GRE"]
[SourceTitle "playchess.com"]
[Source "ChessBase"]
[SourceQuality "1"]
[TimeControl "5400+30"]

1. e4 e5 2. Nf3 Nc6 3. Bc4 Bc5 4. c3 Nf6 5. d3 h6 6. O-O O-O 7. h3 a6 8. Bb3 Re8 9. Re1 b5 10. Nbd2 Bb7 11. Nf1 d6 12. Ng3 Qd7 13. Nh2 Rad8 14. Qf3 d5 15. Bxh6 Nxe4 16. dxe4 dxe4 17. Nxe4 1-0

[Event "47th GRE-chT 2019"]
[Site "Patra"]
[Date "2019.07.02"]
[Round "1.10"]
[White "Chasapis, Christos"]
[Black "Papaioannou, Dimitrios"]
[Result "0-1"]
[ECO "C90"]
[WhiteElo "1029"]
[BlackElo "1589"]
[Annotator "NA"]
[PlyCount "124"]
[EventDate "2019.07.02"]
[EventCountry "GRE"]
[SourceTitle "playchess.com"]
[Source "ChessBase"]
[SourceQuality "1"]
[TimeControl "5400+30"]

1. e4 e5 2. Nf3 Nc6 3. Bb5 a6 4. Ba4 Nf6 5. d3 b5 6. Bb3 Be7 7. c3 d6 8. O-O O-O 9. Re1 Na5 10. Bc2 c5 11. Nbd2 Qc7 12. Nf1 Re8 13. d4 Bf8 14. Ne3 g6 15. a4 Bd7 16. d5 c4 17. b4 cxb3 18. Bxb3 Nxe4 19. Ng4 Bxg4 20. Rxe4 Bxf3 21. gxf3 Qxc3 22. Bd2 Qxb3 23. Bxa5 Qxd1+ 24. Rxd1 Rec8 25. axb5 axb5 26. Bb4 f5 27. Re2 Kf7 28. Kg2 f4 29. Kf1 h5 30. h4 Ke8 31. Kg2 Kd7 32. Kh2 Be7 33. Rg1 Bxh4 34. Rxg6 Be7 35. Kg2 Ra1 36. Re1 Rxe1 37. Bxe1 Rc1 38. Bb4 Rb1 39. Ba5 Rd1 40. Rg7 Rxd5 41. Kf1 Rd1+ 42. Kg2 Ra1 43. Bb4 Rb1 44. Ba5 b4 45. Rg8 Ke6 46. Rb8 d5 47. Rb6+ Kf5 48. Rb5 d4 49. Bc7 Bf6 50. Bd6 b3 51. Ba3 h4 52. Kh3 d3 53. Rd5 b2 54. Bxb2 Rxb2 55. Rxd3 Rxf2 56. Rd2 Rxf3+ 57. Kh2 e4 58. Re2 e3 59. Kg2 Kg4 60. Ra2 h3+ 61. Kh2 Rf2+ 62. Rxf2 exf2 0-1

[Event "47th GRE-chT 2019"]
[Site "Patra"]
[Date "2019.07.02"]
[Round "1.11"]
[White "Istratescu, Andrei"]
[Black "Mastrovasilis, Dimitrios"]
[Result "1/2-1/2"]
[ECO "C42"]
[WhiteElo "2558"]
[BlackElo "2589"]
[Annotator "ChessBase"]
[PlyCount "51"]
[EventDate "2019.07.02"]
[EventCountry "GRE"]
[SourceTitle "playchess.com"]
[Source "ChessBase"]
[SourceQuality "1"]
[TimeControl "5400+30"]

1. e4 e5 2. Nf3 Nf6 3. Nxe5 d6 4. Nf3 Nxe4 5. Qe2 Qe7 6. d3 Nf6 7. Bg5 Qxe2+ 8. Bxe2 Be7 9. Nc3 c6 10. h3 Na6 11. O-O-O Nc7 12. Ne4 Nxe4 13. dxe4 Bxg5+ 14. Nxg5 Ke7 15. Rhe1 Ne6 16. Nxe6 Bxe6 17. f4 Rad8 18. Bf3 h6 19. g4 f6 20. h4 g6 21. b3 Bf7 22. Rh1 Rhe8 23. Rd3 Rh8 24. Rdd1 Rhe8 25. Rd3 Rh8 26. Rdd1 1/2-1/2

[Event "47th GRE-chT 2019"]
[Site "Patra"]
[Date "2019.07.02"]
[Round "1.11"]
[White "Dimitrov, Atanas"]
[Black "Loutragotis, Dimitrios"]
[Result "1-0"]
[ECO "E67"]
[WhiteElo "2299"]
[BlackElo "2287"]
[Annotator "ChessBase"]
[PlyCount "87"]
[EventDate "2019.07.02"]
[EventCountry "GRE"]
[SourceTitle "playchess.com"]
[Source "ChessBase"]
[SourceQuality "1"]
[TimeControl "5400+30"]

1. d4 Nf6 2. Nf3 g6 3. g3 Bg7 4. Bg2 O-O 5. O-O d6 6. c4 Nbd7 7. Nc3 e5 8. e3 Re8 9. Re1 c6 10. a4 a5 11. b3 Nf8 12. Ba3 e4 13. Nd2 Bf5 14. Rb1 Qd7 15. b4 axb4 16. Rxb4 Rad8 17. Qb3 Re7 18. Rb1 Rb8 19. a5 c5 20. Rb6 Ra8 21. Nb5 Ne8 22. dxc5 dxc5 23. Bxc5 Qxd2 24. Bxe7 Nd7 25. Bb4 Qe2 26. Rxb7 Ne5 27. Nd4 Qh5 28. Nxf5 Qxf5 29. Qc2 Nd3 30. Rb5 Qe6 31. Bf1 Rd8 32. Rd1 Nc7 33. Bxd3 Nxb5 34. cxb5 exd3 35. Rxd3 Rc8 36. Qd1 Bf6 37. b6 Qe4 38. Qd2 Qc6 39. Rd6 Qa4 40. b7 Rb8 41. a6 Be7 42. Bc3 Qa3 43. Qd4 f6 44. Rxf6 1-0

[Event "47th GRE-chT 2019"]
[Site "Patra"]
[Date "2019.07.02"]
[Round "1.12"]
[White "Mastrovasilis, Athanasios"]
[Black "Szabo, Gergely-Andras-Gyula"]
[Result "1/2-1/2"]
[ECO "E54"]
[WhiteElo "2518"]
[BlackElo "2535"]
[Annotator "ChessBase"]
[PlyCount "43"]
[EventDate "2019.07.02"]
[EventCountry "GRE"]
[SourceTitle "playchess.com"]
[Source "ChessBase"]
[SourceQuality "1"]
[TimeControl "5400+30"]

1. d4 Nf6 2. Nf3 e6 3. c4 c5 4. e3 cxd4 5. exd4 d5 6. Nc3 Bb4 7. Bd3 dxc4 8. Bxc4 O-O 9. O-O b6 10. Bg5 Bb7 11. Ne5 Nbd7 12. Nxd7 Qxd7 13. Bxf6 gxf6 14. d5 Bxc3 15. bxc3 Bxd5 16. Qg4+ Kh8 17. Qh4 Bxc4 18. Qxf6+ Kg8 19. Qg5+ Kh8 20. Qf6+ Kg8 21. Qg5+ Kh8 22. Qf6+ 1/2-1/2

[Event "47th GRE-chT 2019"]
[Site "Patra"]
[Date "2019.07.02"]
[Round "1.12"]
[White "Roinos, Ilias"]
[Black "Georgiou, Kostantinos"]
[Result "0-1"]
[ECO "C05"]
[WhiteElo "2210"]
[BlackElo "2191"]
[Annotator "ChessBase"]
[PlyCount "88"]
[EventDate "2019.07.02"]
[EventCountry "GRE"]
[SourceTitle "playchess.com"]
[Source "ChessBase"]
[SourceQuality "1"]
[TimeControl "5400+30"]

1. e4 e6 2. d4 d5 3. Nd2 Nf6 4. e5 Nfd7 5. Ngf3 c5 6. c3 Nc6 7. Bd3 g6 8. a3 a5 9. Nf1 Bg7 10. h4 h6 11. Be3 b6 12. Qe2 Bb7 13. b3 Qc8 14. Ng3 cxd4 15. cxd4 Ncxe5 16. Rc1 Nxd3+ 17. Qxd3 Qd8 18. Qd2 Ba6 19. Ne2 Nf6 20. O-O Ne4 21. Qb2 g5 22. Ne5 O-O 23. hxg5 hxg5 24. Rfd1 f6 25. Nd3 Qd7 26. f3 Nd6 27. Ng3 Rfc8 28. Rxc8+ Rxc8 29. f4 Ne4 30. Nxe4 dxe4 31. Nf2 gxf4 32. Bxf4 f5 33. Qd2 a4 34. Qe3 Bd3 35. Be5 Bc2 36. Re1 axb3 37. Qg5 b2 38. Nh3 Kf8 39. Nf4 Bxe5 40. dxe5 Qf7 41. Qh6+ Ke7 42. Nd5+ exd5 43. Qd6+ Ke8 44. e6 Qc7 0-1

[Event "47th GRE-chT 2019"]
[Site "Patra"]
[Date "2019.07.02"]
[Round "1.13"]
[White "Beliotis, Georgios"]
[Black "Malikentzos, Sotirios"]
[Result "1/2-1/2"]
[ECO "B12"]
[WhiteElo "2204"]
[BlackElo "2428"]
[Annotator "NA"]
[PlyCount "91"]
[EventDate "2019.07.02"]
[EventCountry "GRE"]
[SourceTitle "playchess.com"]
[Source "ChessBase"]
[SourceQuality "1"]
[TimeControl "5400+30"]

1. e4 c6 2. d4 d5 3. e5 Bf5 4. h4 c5 5. g4 Bd7 6. c3 Nc6 7. Bh3 e6 8. h5 f6 9. Nf3 cxd4 10. cxd4 fxe5 11. dxe5 Bb4+ 12. Nc3 Nge7 13. O-O O-O 14. Bg5 Qa5 15. h6 Bxc3 16. bxc3 Qxc3 17. Kg2 Ng6 18. Rc1 Qxf3+ 19. Qxf3 Rxf3 20. Kxf3 Ngxe5+ 21. Kg3 Nf7 22. Bd2 gxh6 23. Bg2 h5 24. gxh5 Nd6 25. Kh2 Kf7 26. Bh3 Nc4 27. Bh6 Nd4 28. Rfd1 Nf3+ 29. Kg3 Nfe5 30. f4 Rg8+ 31. Kf2 Ba4 32. fxe5 Bxd1 33. Rxd1 Nxe5 34. Bf4 Nc4 35. Rb1 b6 36. Bf1 e5 37. Bxc4 dxc4 38. Bxe5 Rg5 39. Bb8 Ra5 40. Rb2 Rxh5 41. Ke3 a6 42. Rxb6 Rb5 43. Bc7 Rxb6 44. Bxb6 Ke6 45. Kd4 Kd7 46. Kxc4 1/2-1/2

[Event "47th GRE-chT 2019"]
[Site "Patra"]
[Date "2019.07.02"]
[Round "1.13"]
[White "Makka, Evanthia"]
[Black "Gikas, Andreas Basilius"]
[Result "0-1"]
[ECO "D02"]
[WhiteElo "2098"]
[BlackElo "2178"]
[Annotator "NA"]
[PlyCount "77"]
[EventDate "2019.07.02"]
[EventCountry "GRE"]
[SourceTitle "playchess.com"]
[Source "ChessBase"]
[SourceQuality "1"]
[TimeControl "5400+30"]

1. d4 d5 2. Nf3 c6 3. e3 Bf5 4. Be2 e6 5. Nbd2 Nd7 6. b3 h6 7. Bb2 Ngf6 8. c4 Be7 9. O-O O-O 10. Ne1 a5 11. Nd3 Re8 12. f3 Bh7 13. f4 Ne4 14. Nxe4 Bxe4 15. Nf2 Bh7 16. Bd3 Bxd3 17. Qxd3 Nf6 18. e4 dxe4 19. Nxe4 Nxe4 20. Qxe4 Bf6 21. Rad1 Qb6 22. Ba3 a4 23. Bc5 Qc7 24. Qf3 Red8 25. Qf2 b6 26. Bb4 Qd7 27. Kh1 Bxd4 28. Qg3 c5 29. Bc3 axb3 30. axb3 Qc6 31. Bxd4 Rxd4 32. Rxd4 cxd4 33. h3 Ra2 34. Rd1 Qe4 35. b4 Rc2 36. c5 bxc5 37. bxc5 Rxc5 38. Re1 Qc6 39. Kh2 0-1

[Event "47th GRE-chT 2019"]
[Site "Patra"]
[Date "2019.07.02"]
[Round "1.14"]
[White "Kalogeris, Ioannis"]
[Black "Tsekouras, Theodoros"]
[Result "1-0"]
[ECO "B91"]
[WhiteElo "2376"]
[BlackElo "2196"]
[Annotator "ChessBase"]
[PlyCount "100"]
[EventDate "2019.07.02"]
[EventCountry "GRE"]
[SourceTitle "playchess.com"]
[Source "ChessBase"]
[SourceQuality "1"]
[TimeControl "5400+30"]

1. e4 c5 2. Nf3 d6 3. d4 cxd4 4. Nxd4 Nf6 5. Nc3 a6 6. g3 e5 7. Nde2 Be7 8. Bg2 Be6 9. h3 O-O 10. a4 Nc6 11. Nd5 Rc8 12. Be3 Bxd5 13. exd5 Nb8 14. a5 Nbd7 15. b3 Ne8 16. c4 Bg5 17. f4 exf4 18. Nxf4 Qe7 19. Kf2 Nef6 20. Re1 Rfe8 21. h4 Bh6 22. Bh3 Rcd8 23. Qc2 Ne5 24. Kg2 Nfd7 25. Bf5 g6 26. Nxg6 hxg6 27. Bxd7 Qxd7 28. Bxh6 Qg4 29. Qc3 Kh7 30. Bg5 Rc8 31. Bf4 Qf5 32. Bxe5 Rxe5 33. Rxe5 dxe5 34. Rf1 Qe4+ 35. Qf3 Qxf3+ 36. Kxf3 f5 37. Re1 Re8 38. c5 Kg7 39. Rc1 Kf7 40. c6 bxc6 41. dxc6 Ke6 42. g4 Kd5 43. c7 Rc8 44. gxf5 gxf5 45. Rc4 Kd6 46. h5 Ke6 47. h6 Kf7 48. Rc6 Kg8 49. b4 Kh7 50. b5 Rb8 {[%emt 0:00:06] Ke4} 1-0